AoeStats
← PacoelJusto

MegaRandom

510047145Analyzed
3v3 RM · 4d ago on Sep 29, 2026· 24m 49s· 6 players
Game mode
Random Map
Map size
Normal (6 player)
Population
200
Speed
Normal
Resources
Standard
Victory
Conquest
Starting age
Dark Age
Ending age
Imperial Age
RankedLock teamsTeams togetherTeam positionsShared explorationLock speedFull tech treeHidden civsTurbo modeCheats
Victory
Defeat
🇺🇸 Vietnamese · United States
1168
+12
🇲🇽 Danes · Mexico
1117
+14
🇲🇽 Lithuanians · Mexico
1109
+16
🇵🇪 Lithuanians · Peru
1101
-15
🇬🇧 Italians · United Kingdom
1076
-14
🇲🇽 Malians · Mexico
1071
-13
PacoelJusto
7:28 Loom
10:26 Feudal Age
17:33 Castle Age
16:06 Double-Bit Axe
17:07 Gold Mining
The_Valhalla
8:33 Feudal Age
9:20 Loom
17:21 Double-Bit Axe
17:18 Horse Collar
leeroy kentins
7:29 Loom
9:51 Feudal Age
10:36 Double-Bit Axe
10:48 Horse Collar
16:33 Castle Age
22:17 Heavy Plow
Masiosare
7:28 Loom
10:14 Feudal Age
10:51 Double-Bit Axe
15:25 Fletching
23:16 Castle Age
21:47 Padded Archer Armor
23:34 Crossbowman
24:16 Bodkin Arrow
pablo-1994
6:25 Loom
9:43 Feudal Age
10:42 Double-Bit Axe
10:54 Horse Collar
21:58 Castle Age
21:15 Scale Barding Armor
21:20 Forging
22:05 Bloodlines
23:55 Husbandry
25:45 Chain Barding Armor
El Gordo Puto
8:51 Loom
11:13 Feudal Age
11:42 Town Watch
12:27 Double-Bit Axe
17:32 Fletching
24:37 Castle Age
24:08 Scale Mail Armor
24:19 Forging
23:56 Arson
25:05 Gold Mining
25:21 Squires
Connection lost

Rejoining the realm…

Still unreachable

The connection could not be restored.

Session expired

The server has moved on; the page needs a fresh start.